 Dungeon Crawl Stone Soup version 0.23-a0-310-gdcc7a32 (webtiles) character file.

25 Amnesiac the Digger (level 3, -8/26 HPs)
             Began as a Ghoul Earth Elementalist on Oct 12, 2018.
             Killed by divine providence
             ... invoked by an orc priest
              (14 damage)
             ... on level 3 of the Dungeon.
             The game lasted 00:02:26 (425 turns).

Amnesiac the Digger (Ghoul Earth Elementalist)       Turns: 425, Time: 00:02:27

Health: -8/26      AC:  2    Str: 11    XL:     3   Next: 4%
Magic:  5/5        EV: 12    Int: 11    God:
Gold:   27         SH:  0    Dex:  9    Spells: 5/6 levels left

rFire    . . .     SeeInvis .   a - +0 flail
rCold    + . .     Gourm    .   (no shield)
rNeg     + + +     Faith    .   c - +0 robe
rPois    ∞         Spirit   .   (no helmet)
rElec    .         Reflect  .   (no cloak)
rCorr    .         Harm     .   (no gloves)
MR       .....                  (no boots)
Stlth    ++........             (no amulet)
HPRegen  0.00/turn              (no ring)
MPRegen  0.09/turn              (no ring)

@: rotting
A: rotting body, claws 1, carnivore, cold resistance 1, negative energy
resistance 3, inhibited regeneration, torment resistance, unbreathing
a: no special abilities


You were on level 3 of the Dungeon.
You were not hungry.

You visited 1 branch of the dungeon, and saw 3 of its levels.

You collected 27 gold pieces.

Inventory:

Hand Weapons
 a - a +0 flail (weapon)
 e - a +0 short sword
Missiles
 b - 20 stones (quivered)
Armour
 c - a +0 robe (worn)
Wands
 f - a wand of paralysis (12)
Comestibles
 d - 2 rations


   Skills:
 - Level 1.7 Dodging
 - Level 2.1 Stealth
 + Level 2.2 Spellcasting
   Level 0.8 Transmutations
 * Level 4.1 Earth Magic


You had 5 spell levels left.
You knew the following spells:

 Your Spells              Type           Power        Failure   Level  Hunger
a - Sandblast             Erth           ##....       5%          1    ##.....

Your spell library contained the following spells:

 Spells                   Type           Power        Failure   Level  Hunger
 Passwall                 Tmut/Erth      #.......     16%         2    ###....
 Stone Arrow              Conj/Erth      #.....       36%         3    ####...
 Petrify                  Tmut/Erth      #.......     71%         4    #####..
 Lee's Rapid Deconstruct  Erth           ##........   82%         5    ######.


Dungeon Overview and Level Annotations

Branches:
Dungeon (3/15)

Altars:

Annotations:
D:2 Natasha


Innate Abilities, Weirdness & Mutations

Your body is rotting away.
You thrive on raw meat.
You are immune to poison.
You have sharp fingernails.
You are carnivorous and can eat meat at any time.
Your flesh is cold resistant. (rC+)
You are immune to negative energy. (rN+++)
You do not regenerate when monsters are visible.
You are immune to unholy pain and torment.
You can survive without breathing.


Message History

Casting: Sandblast (safe; 5% risk of failure)
Confirm with . or Enter, or press ? or * to list all spells.
You don't have enough magic to cast that spell.
You closely miss the orc.
The orc is lightly wounded.
The orc closely misses you.
Casting: Sandblast (safe; 5% risk of failure)
Confirm with . or Enter, or press ? or * to list all spells.
You don't have enough magic to cast that spell.
A goblin comes into view.
The goblin shouts!
A rat comes into view.
Found a dagger and 8 stones.
Found a stone staircase leading down.
Found a mace.
Okay, then.
You see here a flail.
a - a flail The orc hits you.
* * * LOW HITPOINT WARNING * * *
Found 5 gold pieces.
Found a scroll labeled GESUHESHA.
Things that are here:
a short sword; a kobold skeleton
e - a short sword The orc closely misses you.
Wield which item (- for none, * to show all)? (? for menu, Esc to quit)
Okay, then.
Wield which item (- for none, * to show all)? (? for menu, Esc to quit)
a - a +0 flail (weapon)
You barely miss the orc. The orc misses you. The orc closely misses you.
You closely miss the orc. The orc hits you.
* * * LOW HITPOINT WARNING * * *
Okay, then.
You see here an adder corpse.
You butcher the adder corpse.
The orc closely misses you.
Things that are here:
a chunk of flesh; an adder skeleton Eat a chunk of flesh? (ye/n/q)
You eat the chunk of flesh.
This raw flesh tastes great!
The orc hits you.
* * * LOW HITPOINT WARNING * * *
A rat comes into view.
The orc barely misses you.
A leopard gecko comes into view.
The leopard gecko hisses angrily.
A goblin comes into view. It is wielding a dagger.
The leopard gecko bites you but does no damage.
The rat closely misses you.
The leopard gecko completely misses you.
The leopard gecko closely misses you.
An orc priest comes into view.
An orc comes into view. It is wielding a dagger.
The orc shouts!
The orc priest shouts!
You hear a shout!
You see here a ration.
An orc comes into view. It is wielding a club.
The leopard gecko bites you.
* * * LOW HITPOINT WARNING * * *
The orc priest looks satisfied for a moment.
You see here a wand of paralysis (12).
f - a wand of paralysis (12)
The leopard gecko closely misses you.
The orc priest mumbles some strange prayers to Beogh against you.
Beogh smites you!
Ouch! That really hurt!
You die...

.....g....<.#.....#..
###÷#.............#.....
.##.####................
.#.g###........(........
...###.....<............
.### #..................
g#####..................
o##............r......#
.#...........o.l@.....#
............g.........#
.....................##
.............##..^......
#.........o#########....
#........o.# ....
##......o.## ...
#........ .. ......g.


You could see an orc priest, 2 orcs, a leopard gecko, a goblin and a rat.

Vanquished Creatures
  2 adders (D:3)
  2 goblins
  A hobgoblin (D:1)
  2 frilled lizards
  A kobold (D:3)
  A rat (D:1)
9 creatures vanquished.

Notes
Turn   | Place    | Note
-------+----------+-------------------------------------------
     0 | D:1      | Amnesiac the Ghoul Earth Elementalist began the quest for
                  | the Orb.
     0 | D:1      | Reached XP level 1. HP: 14/14 MP: 2/2
   178 | D:2      | Noticed Natasha
   207 | D:3      | Reached XP level 2. HP: 3/20 MP: 0/4
   335 | D:3      | Reached skill level 4 in Earth Magic
   335 | D:3      | Reached XP level 3. HP: 26/26 MP: 3/5
   425 | D:3      | Killed from afar by an orc priest

Vault maps used:
D:1:      lightli_arrival_isolated_outpost
D:2:      minitemple, uniq_natasha
D:3:      guppyfry_early_orc_mine, uniq_crazy_yiuf_cottage

Skill      XL: |  1  2 |
---------------+-------+-----
Spellcasting   | 2 |  2.2
Earth Magic    | 4 |  4.1
Dodging        | |  1.7
Stealth        | |  2.1
Transmutations | |  0.8

Action                   || total
-------------------------++-------
Melee: Unarmed           ||    29
       Flail             ||     2
 Cast: Sandblast         ||    11
  Use: Scroll            ||     2
       Potion            ||     1
 Stab: Sleeping          ||     1
  Eat: Chunk             ||     5
Armor: Robe              ||     7
Dodge: Dodged            ||    38

Table legend:
 A = Non-vault XP
 B = Vault XP
 C = Vault XP percentage of total XP
 D = Non-vault monster count
 E = Vault monster count
 F = Vault count percentage of total count
                 A         B        C        D         E       F
            +---------+---------+-------+---------+---------+-------
      Total |      36 |       0 |   0.0 |       9 |       0 |   0.0
            +---------+---------+-------+---------+---------+-------
        D:1 |       4 |       0 |   0.0 |       3 |       0 |   0.0
        D:2 |       3 |       0 |   0.0 |       2 |       0 |   0.0
        D:3 |      29 |       0 |   0.0 |       4 |       0 |   0.0
            +---------+---------+-------+---------+---------+-------
